 Dungeon Crawl Stone Soup version 0.22-a0-362-g535178c (webtiles) character file.

349 Amnesiac the Grave Robber (level 6, -3/44 HPs)
             Began as a Mummy Necromancer on Apr 20, 2018.
             Slain by a hound (5 damage)
             ... on level 4 of the Dungeon.
             The game lasted 00:02:46 (1203 turns).

Amnesiac the Grave Robber (Mummy Necromancer)       Turns: 1203, Time: 00:02:47

Health: -3/44      AC:  2    Str: 12    XL:     6   Next: 33%
Magic:  2/10       EV: 13    Int: 16    God:
Gold:   112        SH:  0    Dex: 12    Spells: 7/11 levels left

rFire    x . .     SeeInvis .   e - +1 flail (drain)
rCold    + . .     Gourm    .   (no shield)
rNeg     + + +     Faith    .   a - +0 robe
rPois    ∞         Spirit   .   (no helmet)
rElec    .         Reflect  .   (no cloak)
rCorr    .         Harm     .   (no gloves)
MR       .....                  (no boots)
Stlth    ++........             (no amulet)
HPRegen  0.14/turn              (no ring)
MPRegen  0.12/turn              (no ring)

@: no status effects
A: no food or potions, fire vulnerability, cold resistance 1, negative energy
resistance 3, torment resistance, unbreathing
a: no special abilities


You were on level 4 of the Dungeon.
You were not hungry.

You visited 1 branch of the dungeon, and saw 5 of its levels.

You collected 112 gold pieces.

Inventory:

Hand Weapons
 c - a +0 hunting sling
 e - a +1 flail of draining (weapon)
 h - a +0 falchion
Missiles
 d - 39 stones (quivered)
 f - 26 sling bullets
Armour
 a - a +0 robe (worn)
Scrolls
 b - 2 scrolls of enchant armour {!r}
 g - a scroll of fear {!r}
 i - a scroll of amnesia {!r}
 j - a scroll of blinking {!r}
 k - a scroll of teleportation {!r}


   Skills:
 + Level 2.2 Fighting
 * Level 3.4 Dodging
 - Level 1.5 Stealth
 - Level 3.0 Spellcasting
 - Level 6.0 Necromancy


You had 7 spell levels left.
You knew the following spells:

 Your Spells              Type           Power        Failure   Level  Hunger
a - Pain                  Necr           ###.         1%          1    N/A
d - Vampiric Draining     Necr           ###.......   4%          3    N/A

Dungeon Overview and Level Annotations

Branches:
Dungeon (5/15)
 Temple: D:4-7

Altars:

Annotations:
D:3 no0bjke's ghost, amateur GrFi
D:5 Menkaure


Innate Abilities, Weirdness & Mutations

You do not eat or drink.
Your flesh is vulnerable to fire.
You are immune to poison.
Your flesh is cold resistant. (rC+)
You are immune to negative energy. (rN+++)
You are immune to unholy pain and torment.
You can survive without breathing.


Message History

The orc wizard shouts! 2 orcs come into view.
The orc shouts! x2; You hear a shout!
Found 13 poisoned needles and a flail.
There is a stone staircase leading down here.
Casting: Pain (safe; 1% risk of failure)
Confirm with . or Enter, or press ? or * to list all spells.
Aiming: Vampiric Draining (safe; 4% risk of failure)
Press: ? - help, Shift-Dir - straight line, f - orc wizard
Aim: an orc wizard, wielding a dagger and wearing a leather armour The orc wizard is heavily wounded.
You feel life coursing into your body. The orc wizard barely misses you.
Casting: Vampiric Draining (safe; 4% risk of failure)
Confirm with . or Enter, or press ? or * to list all spells.
Aiming: Pain (safe; 1% risk of failure)
Press: ? - help, Shift-Dir - straight line, f/p - orc wizard
Aim: an orc wizard, wielding a dagger and wearing a leather armour (heavily wounded, chance to defeat MR: 80%)
The orc wizard writhes in agony!
You kill the orc wizard!
Unknown command.
Casting: Pain (safe; 1% risk of failure)
Confirm with . or Enter, or press ? or * to list all spells.
Aiming: Pain (safe; 1% risk of failure)
Press: ? - help, Shift-Dir - straight line, f - orc
Aim: an orc, wearing a ring mail (chance to defeat MR: 91%)
The orc writhes in agony!
Casting: Pain (safe; 1% risk of failure)
Confirm with . or Enter, or press ? or * to list all spells.
You don't have enough magic to cast that spell.
Casting: Pain (safe; 1% risk of failure)
Confirm with . or Enter, or press ? or * to list all spells.
You don't have enough magic to cast that spell.
Casting: Pain (safe; 1% risk of failure)
Confirm with . or Enter, or press ? or * to list all spells.
You don't have enough magic to cast that spell.
You hit the orc but do no damage.
The orc is severely wounded.
The orc hits you.
* * * LOW HITPOINT WARNING * * *
A hound, 2 orcs and a skeleton come into view.
You hit the orc.
You kill the orc!
The orc drinks a potion.
The orc seems to speed up.
The orc barely misses you.
You barely miss the orc. The orc misses you. The orc hits you with a mace!
* * * LOW HITPOINT WARNING * * *
You thump the orc!
You kill the orc!
The hound closely misses you. x2
The hound bites you.
* * * LOW HITPOINT WARNING * * *
The orc misses you.
Items here: ! ) [ † a mace; a leather armour; a glowing purple potion {!q}; an orc corpse The hound closely misses you.
You hit the hound.
The hound is heavily wounded.
The hound closely misses you. The hound bites you.
* * * LOW HITPOINT WARNING * * *
You barely miss the hound.
The hound is heavily wounded.
The hound bites you.
* * * LOW HITPOINT WARNING * * *
The hound bites you.
You die...

...# #..# #..
... #.# #.#####
##.#@..#
#oZh.#...#
#.##...#.#
###[###.## #
#..o# .#
#..(....#
'............
..####...######
#..##


You could see a hound, an orc and a hound skeleton.

Vanquished Creatures
  Edmund (D:5)
  A jelly (D:5)
  An orc priest (D:4)
  A hound (D:5)
  Natasha (twice) (D:4)
  An orc wizard (D:4)
  A worker ant (D:4)
  2 adders
  A dart slug (D:1)
  A leopard gecko (D:5)
  6 orcs (D:4)
  3 giant cockroaches
  2 goblins (D:1)
  2 quokkas
  A frilled lizard (D:4)
  A rat (D:2)
27 creatures vanquished.

Notes
Turn   | Place    | Note
-------+----------+-------------------------------------------
     0 | D:1      | Amnesiac the Mummy Necromancer began the quest for the Orb.
     0 | D:1      | Reached XP level 1. HP: 13/13 MP: 4/4
   362 | D:3      | Noticed no0bjke's ghost (amateur GrFi)
   366 | D:3      | Reached XP level 2. HP: 19/19 MP: 4/6
   447 | D:4      | Reached XP level 3. HP: 24/24 MP: 5/7
   453 | D:4      | Learned a level 3 spell: Vampiric Draining
   508 | D:4      | Reached skill level 5 in Necromancy
   688 | D:4      | Noticed Natasha
   690 | D:4      | Reached XP level 4. HP: 30/30 MP: 3/8
   700 | D:4      | Killed Natasha
   809 | D:4      | Reached skill level 6 in Necromancy
   894 | D:4      | You fall through a shaft!
   894 | D:5      | Entered Level 5 of the Dungeon
   897 | D:5      | Reached XP level 5. HP: 36/36 MP: 9/9
   909 | D:5      | Reached skill level 1 in Fighting
   977 | D:4      | Noticed Natasha
   981 | D:4      | Killed Natasha
  1135 | D:5      | Noticed Edmund
  1152 | D:5      | Killed Edmund
  1152 | D:5      | Reached XP level 6. HP: 12/44 MP: 0/10
  1180 | D:5      | Noticed Menkaure
  1203 | D:4      | HP: 2/44 [hound (4)]
  1203 | D:4      | Slain by a hound

Vault maps used:
D:1:      dpeg_arrival_lava_temple_mockup
D:2:      marbit_many_paths, roderic_lattice_a, grunt_decor_cap, wad_orctagon
D:3:      first_ration, kennysheep_generic_room_6, uniq_ijyb
D:4:      minmay_temple_entry_statues_pillars, ashenzari_altar_1, uniq_sigmund,
          uniq_natasha
D:5:      portal_sewer_entry_b, serial_shops, nicolae_shop_behind_doors,
          cheibriados_altar_1, uniq_edmund, uniq_crazy_yiuf_cottage,
          uniq_menkaure

Skill      XL: |  1  2  3  4  5 |
---------------+----------------+-----
Spellcasting   | 3 |  3.0
Necromancy     | 5 6 |  6.0
Dodging        | 2 3 |  3.4
Fighting       | 2 |  2.2
Stealth        | |  1.5

Action                   |  1- 3 |  4- 6 || total
-------------------------+-------+-------++-------
Melee: Unarmed           |     2 |       ||     2
       Flail             |       |     6 ||     6
 Fire: Hunting sling     |    30 |    28 ||    58
 Cast: Pain              |    23 |    22 ||    45
       Vampiric Draining |       |     5 ||     5
  Use: Scroll            |       |     5 ||     5
Armor: Robe              |       |     2 ||     2
Dodge: Dodged            |     7 |    25 ||    32

Table legend:
 A = Spawn XP
 B = Non-spawn XP
 C = Spawn XP percentage of total XP
 D = Spawn monster count
 E = Non-spawn monster count
 F = Spawn count percentage of total count
 G = Total turns spent on level
                    A         B        C        D         E        F      G
               +---------+---------+-------+---------+---------+-------+---------
         Total |       0 |     499 |   0.0 |       0 |      27 |   0.0 |  1203
               +---------+---------+-------+---------+---------+-------+---------
           D:1 |       0 |      10 |   0.0 |       0 |       4 |   0.0 |   352
           D:2 |       0 |       1 |   0.0 |       0 |       1 |   0.0 |     8
           D:3 |       0 |      13 |   0.0 |       0 |       1 |   0.0 |    10
           D:4 |       0 |     221 |   0.0 |       0 |      16 |   0.0 |   544
           D:5 |       0 |     254 |   0.0 |       0 |       5 |   0.0 |   289
               +---------+---------+-------+---------+---------+-------+---------
